 Dungeon Crawl Stone Soup version 0.29.1-12-g30fa7ad0bf (webtiles) character file.

Game seed: 7012867307257861910

45584 xzight the Brawler (level 14, -6/157 HPs)
             Began as a Troll Berserker on Dec 27, 2022.
             Was a High Priest of Trog.
             Mangled by a seven-headed hydra (8 damage)
             ... on level 5 of the Lair of Beasts.
             The game lasted 00:37:07 (15728 turns).

xzight the Brawler (Troll Berserker)               Turns: 15728, Time: 00:37:07

Health: -6/157     AC:  9    Str: 32    XL:     14   Next: 1%
Magic:  13/13      EV: 10    Int:  6    God:    Trog [*****.]
Gold:   1604       SH:  5    Dex:  9    Spells: 13/13 levels left

rFire   . . .      SeeInvis .     - Unarmed
rCold   . . .      Faith    .   (no shield)
rNeg    . . .      Spirit   .   K - +2 robe
rPois   +          Reflect  +   M - +2 hat {Int+3}
rElec   .          Harm     .   O - +0 cloak
rCorr   .          Rampage  .   (gloves unavailable)
Will    +++..                   (boots unavailable)
Stlth   +.........              E - amulet of reflection
HPRegen 2.16/turn               Y - +4 ring of slaying
MPRegen 0.13/turn               P - ring of poison resistance

@: about to teleport, strong-willed (expiring), mesmerised, regenerating
(expiring), very slow
A: large, unfitting armour, claws 3, regeneration 1, shaggy fur 1, tough skin 1
a: Renounce Religion, Berserk, Trog's Hand, Brothers in Arms


You were on level 5 of the Lair of Beasts.
You worshipped Trog.
Trog was extremely pleased with you.
You visited 2 branches of the dungeon, and saw 16 of its levels.
You also visited: Bailey and Ice Cave.

You collected 1604 gold pieces.


Innate Abilities, Weirdness & Mutations

You are too large for most types of armour.
You have claws for hands.
Your natural rate of healing is unusually fast.
You are covered in fur. (AC +1)
You have tough skin. (AC +1)


   Skills:
 + Level 14.8 Fighting
 - Level 2.4 Dodging
 + Level 17.4 Unarmed Combat


You had 13 spell levels left.
You didn't know any spells.
Your spell library was empty.

Inventory:

Missiles
 f - a throwing net {=f}
Armour
 K - a +2 robe (worn)
 M - a +2 hat of intelligence (worn)
 O - a +0 cloak (worn)
Jewellery
 v - a ring of see invisible
 C - a ring of protection from cold
 D - a +6 ring of dexterity
 E - an amulet of reflection (around neck)
 F - a ring of protection from fire
 P - a ring of poison resistance (right claw)
 Y - a +4 ring of slaying (left claw)
Wands
 u - a wand of flame (38)
 A - a wand of roots (8)
 H - a wand of charming (6)
 J - a wand of polymorph (3)
Scrolls
 a - 2 scrolls of silence {unknown}
 d - 6 scrolls of butterflies
 g - 3 scrolls of teleportation {@r2}
 h - 3 scrolls of vulnerability
 j - 2 scrolls of summoning {unknown}
 l - 2 scrolls of enchant armour
 m - a scroll of brand weapon {unknown}
 p - a scroll of poison {unknown}
 r - a scroll of enchant weapon {unknown}
 t - 3 scrolls of fear
 x - 3 scrolls of amnesia
 y - a scroll of torment {unknown}
 I - 2 scrolls of immolation {unknown}
Potions
 b - 2 potions of flight
 c - 2 potions of cancellation
 e - 3 potions of berserk rage {!q}
 i - 5 potions of heal wounds {@q2}
 k - 2 potions of resistance
 n - 12 potions of curing {@q1}
 o - a potion of magic {unknown}
 q - 3 potions of mutation
 s - 2 potions of might
 w - 3 potions of ambrosia
 z - a potion of degeneration {unknown}
 B - a potion of brilliance {unknown}
 G - a potion of lignification {unknown}
 L - a potion of experience {unknown}

Dungeon Overview and Level Annotations

Branches:
Dungeon (11/15)            Temple (0/1) D:7            Lair (5/5) D:10
  Swamp (0/4) Lair:3       Spider (0/4) Lair:2        Slime (0/5) Lair:5
    Orc (0/2) D:11         Bailey (visited)           IceCv (visited)

Altars:
Gozag
Nemelex Xobeh
Trog
Vehumet
Wu Jian
Zin

Shops:
D:4 *   D:7 [

Annotations:
D:5 1 runed translucent door, Crazy Yiuf
D:10 2 transporters, Cheops's ghost, journeyman MiFi

.....##.......~~~...~[.~..~~..~.~
#....##.......~▒~P~▒▒~~~▒~.▒▒~~▒▒
....####...§..~▒▒~~▒~~~▒~~~~~~~▒
P.P.#.#.......~~~P~~~~~.~~~~~~.~
............§..~~~~~~~~~~~.~~.
.........<....~▒▒~▒▒▒▒▒▒▒.~▒.
..............§▒▒~▒~~.▒ ~~~
..............~D~~~~▒
...............~@~▒~~~
...†####.§....~▒▒m~~▒
#..#.##.......~▒ ~~~~~~~
...†.#........~~~P~~!P~~
.#............~~.~~~8~~~
##.............▒▒~▒~~~~~
.#...##.......~▒ ~▒.▒~▒. ##...#
.......~ ~▒~~~▒ ##...# ...


You could see a merfolk avatar (mesmerising) and a seven-headed hydra.


Message History

The blink frog blinks!
As you read the scroll of teleportation {@r2}, it crumbles to dust.
You feel strangely unstable.
The pull of its song draws you forwards.
The blink frog blinks!
The seven-headed hydra bites you!
* * * LOW HITPOINT WARNING * * *
The seven-headed hydra closely misses you.
The seven-headed hydra bites you!
* * * LOW HITPOINT WARNING * * *
The seven-headed hydra bites you!
* * * LOW HITPOINT WARNING * * *
The seven-headed hydra misses you. The seven-headed hydra bites you!
* * * LOW HITPOINT WARNING * * *
The seven-headed hydra bites you!
* * * LOW HITPOINT WARNING * * *
The merfolk avatar chants its luring song.
The blink frog blinks!
You feel much better.
The blink frog blinks!
You block the seven-headed hydra's attack.
The seven-headed hydra bites you!
* * * LOW HITPOINT WARNING * * *
The seven-headed hydra barely misses you.
The seven-headed hydra bites you.
* * * LOW HITPOINT WARNING * * *
The seven-headed hydra bites you!
* * * LOW HITPOINT WARNING * * *
The seven-headed hydra bites you!
* * * LOW HITPOINT WARNING * * *
The seven-headed hydra bites you!
You die...

Skill      XL: |  1  2  3  4  5  6  7  8  9 10 11 12 13 |
---------------+----------------------------------------+-----
Fighting       | 3 4 5 6 7 9 10 12 13 14 | 14.8
Unarmed Combat | 4 5 6 7 9 10 12 14 15 17 | 17.4
Dodging        | |  2.4

Action                   |  1- 3 |  4- 6 |  7- 9 | 10-12 | 13-15 || total
-------------------------+-------+-------+-------+-------+-------++-------
Melee: Unarmed           |    97 |   128 |   173 |   497 |   284 ||  1179
       Punch             |     2 |     2 |     3 |    47 |    36 ||    90
Invok: Berserk           |       |     3 |     7 |    15 |     4 ||    29
       Trog's Hand       |       |     2 |     1 |     9 |     1 ||    13
Evoke: Wand              |       |       |       |    11 |     4 ||    15
  Use: Scroll            |       |       |     6 |     8 |     3 ||    17
       Potion            |       |       |       |       |     2 ||     2
 Stab: Confused          |       |       |       |     1 |       ||     1
       Sleeping          |       |       |       |     1 |       ||     1
Armor: Animal skin       |    16 |    26 |    35 |    29 |       ||   106
       Robe              |       |       |       |    42 |    63 ||   105
Dodge: Dodged            |    47 |    61 |    85 |   184 |    80 ||   457
Block: Other             |       |       |       |    14 |    45 ||    59

Levels and vault maps discovered:
D:1:      tarquinn_simple_flora_water_d, layout_loops_cross,
          dreamdust_ecumenical_altar_angels_and_demons, minivault_14
D:2:      layout_basic, serial_curves, eino_curves_04, eino_curves_01
D:3:      layout_basic, general_overflow_altar,
          mainiacjoe_overflow_surrounded_room
D:4:      kennysheep_six_static_rooms, layout_cave_pools, zin_purify,
          kennysheep_little_box, serial_column_ruins,
          column_ruins_open_medium_water, column_ruins_corridor_corner,
          column_ruins_grid_1, column_ruins_corridor_corner,
          column_ruins_grid_1, column_ruins_grid_1,
          column_ruins_columns_dead_end
D:5:      layout_loops_corners, uniq_pikel, uniq_duvessa,
          uniq_crazy_yiuf_cottage
D:6:      layout_gridville
D:7:      layout_basic, mainiacjoe_overflow_tiny_flanked,
          minmay_temple_entry_mist, serial_shops, nicolae_stop_n_shop_2
D:8:      layout_loops_ring, serial_rivers, chequers_serial_rivers_small_a,
          chequers_serial_rivers_micro_d, chequers_serial_rivers_small_b,
          chequers_serial_rivers_micro_c, fungi_pond_lemuel, uniq_erica
D:9:      layout_basic, enter_bailey_6
D:10:     layout_roguey, david_lair_shrubbed, gammafunk_ghost_wrathful_warriors
D:11:     layout_basic, minmay_orc_entry_temple_large
Lair:1:   layout_regular_city, gauntlet_entry_generic, beast_lair_carwin_2,
          serial_bayou_shore_b
Lair:2:   cheibrodos_lair_river_kwai, layout_regular_city,
          hellmonk_spider_entry_life_and_decay, minivault_23, uniq_gastronok
Lair:3:   layout_gridlike, skrybe_swamp_entry_bodies,
          portal_ice_cave_entry_animals_and_master, serial_rivers,
          chequers_serial_rivers_marsh, chequers_serial_rivers_marsh,
          chequers_serial_rivers_large_b, chequers_serial_rivers_micro_c,
          chequers_serial_rivers_marsh, chequers_serial_rivers_small_b
Lair:4:   lemuel_slime, layout_loops_ring, infiniplex_staircase_pool_2,
          lemuel_fruit_tree
Lair:5:   gammafunk_lair_ancient_temple, layout_regular_city,
          nicolae_slime_entry_slimehenge, enter_volcano_4

Notes
Turn   | Place    | Note
-------+----------+-------------------------------------------
     0 | D:1      | xzight the Troll Berserker began the quest for the Orb.
     0 | D:1      | Reached XP level 1. HP: 22/22 MP: 0/0
   147 | D:1      | Reached XP level 2. HP: 26/29 MP: 1/1
   420 | D:1      | You fall into a shaft and drop 1 floor!
   445 | D:2      | Reached skill level 3 in Fighting
   680 | D:2      | Reached XP level 3. HP: 37/37 MP: 2/2
   735 | D:2      | Reached ** piety under Trog
  1280 | D:3      | Found an opulent altar of Gozag.
  1637 | D:3      | Found an ornate altar of the Wu Jian Council.
  1784 | D:3      | Reached skill level 4 in Unarmed Combat
  1890 | D:3      | Reached XP level 4. HP: 41/45 MP: 3/3
  1914 | D:4      | Found Zin's Purification Station.
  1915 | D:4      | Found a glowing silver altar of Zin.
  2065 | D:4      | Reached XP level 5. HP: 49/54 MP: 4/4
  2129 | D:3      | Reached skill level 4 in Fighting
  2162 | D:4      | Reached *** piety under Trog
  2163 | D:4      | Reached skill level 5 in Unarmed Combat
  2224 | D:4      | Reached XP level 6. HP: 23/63 MP: 5/5
  2477 | D:4      | Found a sparkling altar of Nemelex Xobeh.
  2653 | D:5      | Entered Level 5 of the Dungeon
  2957 | D:5      | Reached skill level 6 in Unarmed Combat
  2995 | D:5      | Reached skill level 5 in Fighting
  2995 | D:5      | Reached XP level 7. HP: 72/72 MP: 6/6
  3257 | D:5      | Noticed Duvessa
  3268 | D:5      | Killed Duvessa
  3319 | D:5      | Noticed Dowan
  3329 | D:5      | Killed Dowan
  3359 | D:5      | Reached skill level 7 in Unarmed Combat
  3388 | D:5      | Found a runed translucent door.
  3389 | D:5      | Noticed Crazy Yiuf
  3664 | D:5      | Reached skill level 6 in Fighting
  3664 | D:5      | Reached XP level 8. HP: 80/83 MP: 7/7
  3878 | D:5      | Noticed Pikel
  3888 | D:5      | Killed Pikel
  3889 | D:5      | Reached skill level 8 in Unarmed Combat
  4341 | D:6      | Reached skill level 7 in Fighting
  4805 | D:6      | Reached skill level 9 in Unarmed Combat
  4805 | D:6      | Reached XP level 9. HP: 93/93 MP: 8/8
  4995 | D:7      | Found Muhas's Antique Armour Shoppe.
  5041 | D:7      | Found a radiant altar of Vehumet.
  5272 | D:7      | Found a staircase to the Ecumenical Temple.
  5521 | D:7      | Reached **** piety under Trog
  5817 | D:8      | Reached skill level 8 in Fighting
  5863 | D:8      | Killed an unseen horror
  5977 | D:8      | Reached skill level 10 in Unarmed Combat
  6063 | D:8      | Noticed Erica
  6081 | D:8      | Killed Erica
  6559 | D:8      | Reached skill level 9 in Fighting
  6559 | D:8      | Reached XP level 10. HP: 106/107 MP: 9/9
  6656 | D:9      | Reached skill level 11 in Unarmed Combat
  7113 | D:9      | Found a flagged portal.
  7146 | Bailey   | Entered a bailey
  7632 | D:9      | Reached skill level 10 in Fighting
  7644 | D:9      | Reached skill level 12 in Unarmed Combat
  7713 | D:9      | Noticed a two-headed ogre
  7722 | D:9      | Killed a two-headed ogre
  8051 | D:10     | Entered Level 10 of the Dungeon
  8069 | D:10     | Reached XP level 11. HP: 87/119 MP: 10/10
  8208 | D:10     | Found a staircase to the Lair.
  8634 | D:10     | Found a transporter.
  8634 | D:10     | Found a transporter.
  8637 | D:10     | Noticed a two-headed ogre
  8650 | D:10     | Noticed a tengu warrior
  8650 | D:10     | Noticed Cheops's ghost (journeyman MiFi)
  8653 | D:10     | Found a bloodstained altar of Trog.
  8848 | D:11     | Noticed an eight-headed hydra
  8860 | D:11     | Killed an 11-headed hydra
  8964 | D:11     | Noticed a two-headed ogre
  8974 | D:11     | Killed a two-headed ogre
  8975 | D:11     | Reached skill level 11 in Fighting
  9193 | D:11     | Found a staircase to the Orcish Mines.
  9212 | D:11     | Noticed a six-headed hydra
  9222 | D:11     | Killed an eight-headed hydra
  9223 | D:11     | Reached skill level 13 in Unarmed Combat
  9536 | Lair:1   | Entered Level 1 of the Lair of Beasts
  9536 | Lair:1   | You fall into a shaft and drop 1 floor!
  9724 | Lair:1   | Noticed a boulder beetle
  9738 | Lair:1   | Killed a boulder beetle
  9902 | Lair:1   | Noticed a seven-headed hydra
  9952 | Lair:1   | Killed a nine-headed hydra
  9953 | Lair:1   | Reached skill level 14 in Unarmed Combat
 10069 | Lair:1   | Found a gate leading to a gauntlet.
 10080 | Lair:1   | Reached skill level 12 in Fighting
 10104 | Lair:1   | Reached XP level 12. HP: 125/132 MP: 11/11
 11294 | Lair:2   | Identified 2 potions of resistance
 11758 | Lair:2   | Noticed Gastronok
 11774 | Lair:2   | Killed Gastronok
 11911 | Lair:2   | Noticed a seven-headed hydra
 11919 | Lair:2   | Killed a 12-headed hydra
 12051 | Lair:2   | Reached skill level 15 in Unarmed Combat
 12089 | Lair:2   | Found a hole to the Spider Nest.
 12273 | Lair:3   | Found a staircase to the Swamp.
 12352 | Lair:3   | Reached skill level 13 in Fighting
 12420 | Lair:3   | Found a frozen archway.
 12450 | IceCv    | Entered an ice cave
 12536 | IceCv    | Reached ***** piety under Trog
 12683 | IceCv    | Noticed a white draconian
 12710 | IceCv    | Killed a white draconian
 13036 | Lair:3   | Identified the +3 scale mail "Ruododuo" {Int+4}
 13139 | Lair:3   | Reached XP level 13. HP: 103/144 MP: 12/12
 13883 | Lair:4   | Reached skill level 16 in Unarmed Combat
 14101 | Lair:4   | Received a gift from Trog
 14211 | Lair:4   | Reached skill level 14 in Fighting
 14815 | Lair:5   | Entered Level 5 of the Lair of Beasts
 15106 | Lair:5   | Reached skill level 17 in Unarmed Combat
 15454 | Lair:5   | Found a staircase to the Slime Pits.
 15480 | Lair:5   | Received a gift from Trog
 15665 | Lair:5   | Reached XP level 14. HP: 134/157 MP: 13/13
 15727 | Lair:5   | HP: 15/157 [seven-headed hydra (9)]
 15727 | Lair:5   | HP: 2/157 [seven-headed hydra (13)]
 15728 | Lair:5   | Mangled by a seven-headed hydra

Vanquished Creatures
  Gastronok (Lair:2)
  A white draconian (IceCv)
  6 hydras
  A boulder beetle (Lair:1)
  Erica (D:8)
  2 two-headed ogres
  3 death yaks (Lair:4)
  A sea snake (Lair:5)
  A bog body (Lair:3)
  Pikel (D:5)
  3 black mambas
  2 ice statues (IceCv)
  8 elephants
  An unseen horror (D:8)
  12 cane toads
  13 rime drakes
  10 komodo dragons
  A troll (D:9)
  2 wind drakes (Lair:5)
  6 polar bears
  A slime creature (Lair:4)
  6 blink frogs (Lair:5)
  6 dream sheep (Lair:3)
  2 culicivoras (Lair:2)
  A wraith (D:11)
  50 yaks
  3 basilisks
  4 wyverns
  2 steam dragons
  Duvessa (D:5)
  16 water moccasins
  A black bear (D:5)
  11 orc warriors
  2 sky beasts (D:7)
  An ogre (D:5)
  3 centaurs
  5 wolves
  A phantom (D:7)
  3 kobold brigands
  A necrophage (D:6)
  12 bullfrogs
  3 scorpions (D:6)
  Dowan (D:5)
  18 killer bees
  2 lindwurm simulacra (IceCv)
  3 howler monkeys
  9 jellies
  9 komodo dragon simulacra (IceCv)
  10 orc priests
  4 hounds
  An iguana (D:5)
  14 orc wizards
  10 hell rats
  8 acid dragon simulacra (IceCv)
  3 gnolls
  7 adders
  2 shadow imps (D:6)
  5 white imps
  An ufetubus (D:6)
  2 steam dragon simulacra (IceCv)
  2 worms
  2 dart slugs (D:3)
  47 orcs
  7 ball pythons
  18 endoplasms
  2 giant cockroaches
  10 goblins
  4 hobgoblins
  10 jackals
  20 kobolds
  5 quokkas
  2 bats
  6 frilled lizards
  3 rats
458 creatures vanquished.

Vanquished Creatures (others)
  2 orcs (D:10)
  33 fungi
  46 plants
81 creatures vanquished.

Grand Total: 539 creatures vanquished

Table legend: (Time is in decaauts)
 A = Elapsed time spent in this place.
 B = Non-inter-level travel time spent in this place.
 C = Inter-level travel time spent in this place.
 D = Time resting spent in this place.
 E = Time spent auto-exploring this place.
 F = Levels seen in this place.
 G = Mean time per level.
                   A        B        C        D        E       F      G
               +--------+--------+--------+--------+--------+-----+--------+
         Total |  15772 |  15081 |    691 |   2393 |   9177 |  18 |  876.2 |
       Dungeon |   9507 |   8992 |    515 |   1256 |   5768 |  11 |  864.3 |
          Lair |   5434 |   5258 |    176 |    914 |   3148 |   5 | 1086.8 |
        Bailey |    282 |    282 |      0 |    109 |     37 |   1 |  282.0 |
      Ice Cave |    548 |    548 |      0 |    112 |    224 |   1 |  548.0 |
               +--------+--------+--------+--------+--------+-----+--------+

Top non-repeatable levels by time:
     D:5: 1572 daAuts
  Lair:1: 1330 daAuts
  Lair:2: 1222 daAuts
  Lair:4: 1215 daAuts
     D:8: 1122 daAuts
  Lair:3: 1094 daAuts
     D:9: 935 daAuts
    D:10: 879 daAuts
     D:2: 831 daAuts
     D:6: 806 daAuts
     D:7: 797 daAuts
    D:11: 725 daAuts
     D:3: 712 daAuts
     D:4: 705 daAuts
  Lair:5: 572 daAuts

Table legend:
 A = Non-vault XP
 B = Vault XP
 C = Vault XP percentage of total XP
 D = Non-vault monster count
 E = Vault monster count
 F = Vault count percentage of total count
                 A         B        C        D         E       F
            +---------+---------+-------+---------+---------+-------
      Total |   44548 |   20573 |  31.6 |     336 |     122 |  26.6
            +---------+---------+-------+---------+---------+-------
        D:1 |      24 |       0 |   0.0 |      15 |       0 |   0.0
        D:2 |      32 |       0 |   0.0 |      11 |       0 |   0.0
        D:3 |     116 |       0 |   0.0 |      21 |       0 |   0.0
        D:4 |     277 |      50 |  15.3 |      26 |       6 |  18.8
        D:5 |     740 |     852 |  53.5 |      29 |       3 |   9.4
        D:6 |     846 |       0 |   0.0 |      19 |       0 |   0.0
        D:7 |     708 |       0 |   0.0 |      10 |       0 |   0.0
        D:8 |    1170 |     818 |  41.1 |      22 |       1 |   4.3
        D:9 |    4624 |       0 |   0.0 |      37 |       0 |   0.0
       D:10 |    1222 |     343 |  21.9 |      16 |       1 |   5.9
       D:11 |    2850 |     838 |  22.7 |       7 |      16 |  69.6
     Lair:1 |    4665 |    1448 |  23.7 |      16 |       4 |  20.0
     Lair:2 |    3264 |    3880 |  54.3 |      12 |       8 |  40.0
     Lair:3 |    4552 |    2530 |  35.7 |      21 |       9 |  30.0
     Lair:4 |   10573 |     781 |   6.9 |      36 |      21 |  36.8
     Lair:5 |    8885 |    4913 |  35.6 |      38 |      17 |  30.9
     Bailey |       0 |     415 | 100.0 |       0 |       8 | 100.0
      IceCv |       0 |    3705 | 100.0 |       0 |      28 | 100.0
            +---------+---------+-------+---------+---------+-------
